RedWings vs Stars

Created - September-30-14 at 17:12

Simulating a Pre-Season

Goals
1 2 3 T
RedWings 1 1 0 2
Stars 2 1 1 4
Shots
1 2 3 T
RedWings 2 10 16 28
Stars 10 13 8 31

1st period

1. Stars , Shea Weber 1 (Jason Spezza, Zdeno Chara) at 5:53 (PP)
2. RedWings , Joe Thornton 1 (Keith Yandle, Paul Martin) at 9:18 (PP)
3. Stars , Shea Weber 2 (Wayne Simmonds, Paul Stastny) at 12:06 (PP)

Penalties :
Sean Bergenheim (DET) for Interference (Minor) at 1:39, Mark Fraser (DET) for Delaying the game (Minor) at 3:59, Zdeno Chara (DAL) for Roughing (Minor) at 7:31, Sean Bergenheim (DET) for Hooking (Minor) at 10:25, Brenden Dillon (DAL) for Interference (Minor) at 17:25

2nd period

4. RedWings , Joe Thornton 2 (Paul Martin, Ondrej Palat) at 5:03
5. Stars , Marc-Edouard Vlasic 2 (Paul Stastny, Wayne Simmonds) at 17:26 (PP)

Penalties :
Eric Gryba (DET) for Hooking (Minor) at 6:06, Evander Kane (DAL) for Cross-checking (Minor) at 13:08, Filip Forsberg (DET) for Hooking (Minor) at 15:59

3rd period

6. Stars , Milan Lucic 2 (Shea Weber, Jason Spezza) at 1:35 (PP)

Penalties :
Jared Spurgeon (DET) for Tripping (Minor) at 1:03, Milan Lucic (DAL) for Roughing (Minor) at 4:00, Eric Brewer (DET) for Hooking (Minor) at 18:20

Goalie Stats

Roberto Luongo (DET), 27 saves from 31 shots - (0.871), L, 1-3-0, 60:00 minutes
Semyon Varlamov (DAL), 26 saves from 28 shots - (0.929), W, 2-2-0, 60:00 minutes

Players Stats for RedWings

Player Name              G  A  P  +/- PIM S  H  SB GA TA FO     MP     PP MP  PK MP  
------------------------------------------------------------------------------------
Alexandre Burrows        0  0  0   1  0   2  0  1  0  0  1/4    26:52   4:12   3:13 
Andrew Cogliano          0  0  0   0  0   9  2  1  0  0  16/33  23:36   3:32   7:06 
Casey Cizikas            0  0  0   0  0   1  1  0  0  0  7/13    9:19   0:00   0:00 
Chris Summers            0  0  0   0  0   0  1  0  0  0  0/0    12:05   0:00   2:08 
Eric Brewer              0  0  0   1  2   0  2  3  0  0  0/0    18:49   3:00   5:26 
Eric Gryba               0  0  0   0  2   1  0  0  0  0  0/0    13:05   0:00   3:09 
Filip Forsberg           0  0  0   0  2   1  0  0  0  0  0/0    10:51   0:34   0:16 
Jared Spurgeon           0  0  0   0  2   0  2  1  0  0  0/0    23:27   3:00   5:55 
Joe Thornton             2  0  2   1  0   2  0  0  0  0  14/29  21:10   4:12   4:05 
Keith Yandle             0  1  1   0  0   3  1  1  0  0  0/0    19:17   4:44   0:00 
Kevin Connauton          0  0  0   0  0   0  0  0  0  0  0/0     6:11   0:00   0:00 
Mark Arcobello           0  0  0   0  0   1  3  0  0  0  4/9     8:34   0:00   0:00 
Mark Fraser              0  0  0   0  2   0  3  0  0  0  0/0     6:10   0:00   0:00 
Ondrej Palat             0  1  1   1  0   3  3  0  0  0  0/3    25:22   4:12   7:42 
Paul Martin              0  2  2   1  0   2  0  2  0  0  0/0    20:52   4:44   5:44 
Sean Bergenheim          0  0  0   0  4   3  1  0  0  0  1/2    13:49   3:32   0:00 
Tyler Toffoli            0  0  0   0  0   0  0  0  0  0  1/3    20:39   2:58   0:00 
Ville Leino              0  0  0   0  0   0  0  0  0  0  0/0     8:34   0:00   0:00 

Players Stats for Stars

Player Name              G  A  P  +/- PIM S  H  SB GA TA FO     MP     PP MP  PK MP  
------------------------------------------------------------------------------------
Alexei Emelin            0  0  0   0  0   1  3  0  0  0  0/0    14:31   4:00   1:52 
Antoine Roussel          0  0  0   0  0   0  3  0  0  0  0/2    11:38   0:00   0:54 
Brandon Dubinsky         0  0  0   0  0   2  5  0  0  0  4/9    18:31   0:51   4:59 
Brenden Dillon           0  0  0  -1  2   0  4  3  0  0  0/0    18:57   0:00   2:28 
Evander Kane             0  0  0   0  2   1  0  0  0  0  1/3    14:39   0:00   3:56 
Gregory Campbell         0  0  0   0  0   0  0  0  0  0  0/0     5:22   0:00   0:49 
Jarome Iginla            0  0  0  -1  0   3  1  0  0  0  0/2    18:08   3:42   1:19 
Jarret Stoll             0  0  0   0  0   0  0  0  0  0  3/5     6:03   0:00   1:30 
Jason Spezza             0  2  2   0  0   1  0  0  0  0  14/26  17:22   6:38   0:00 
Marc-Edouard Vlasic      1  0  1  -1  0   5  0  0  0  0  0/0    24:06   4:00   4:11 
Milan Lucic              1  0  1  -1  2   2  3  0  0  0  0/0    19:44   6:38   0:00 
Paul Stastny             0  2  2   0  0   2  0  0  0  0  20/29  19:15   4:33   2:01 
Roman Polak              0  0  0   0  0   0  1  0  0  0  0/0     9:42   0:00   0:28 
Ryan Reaves              0  0  0   0  0   0  2  0  0  0  0/1     4:33   0:00   0:00 
Shea Weber               2  1  3   0  0   6  0  1  0  0  0/0    26:54   7:11   3:47 
Tyler Seguin             0  0  0  -1  0   4  0  0  0  0  9/18   19:45   6:38   0:00 
Wayne Simmonds           0  2  2   0  0   1  1  0  0  0  1/1    17:14   4:33   0:00 
Zdeno Chara              0  1  1   0  2   3  3  1  0  0  0/0    25:48   7:11   2:42 

3 Stars

1 - Shea Weber (DAL)
2 - Joe Thornton (DET)
3 - Paul Martin (DET)

Power Play

RedWings - 1 on 4 Attempt(s) - 25.00%
Stars - 4 on 7 Attempt(s) - 57.14%

Penalty Kill

RedWings - 3 on 7 Attempt(s) - 42.86% - Score 0 goal in Penalty Kill
Stars - 3 on 4 Attempt(s) - 75.00% - Score 0 goal in Penalty Kill

Official

Referees : Gord Dwyer and Jon Mclsaac
Linesman : Jay Sharrers and Ryan Galloway

Game Notes

No Game Note

% Time on Ice - RedWings

Lines # - Real PCT - Wanted PCT - Time Play
Normal Forward
1 - 31% - 45% - 12:53
2 - 25% - 35% - 10:19
3 - 23% - 15% - 9:19
4 - 21% - 5% - 8:34
Normal Defense
1 - 35% - 40% - 14:33
2 - 25% - 30% - 10:24
3 - 24% - 20% - 9:57
4 - 15% - 10% - 6:11
PP Forward
1 - 46% - 60% - 3:32
2 - 54% - 40% - 4:12
PP Defense
1 - 61% - 60% - 4:44
2 - 39% - 40% - 3:00
PK Forward
1 - 71% - 60% - 7:58
2 - 29% - 40% - 3:13
PK Defense
1 - 58% - 60% - 6:27
2 - 42% - 40% - 4:44
PK3 Forward
1 - 0% - 60%
2 - 0% - 40%
PK3 Defense
1 - 0% - 60%
2 - 0% - 40%
44 Forward
1 - 0% - 60%
2 - 0% - 40%
44 Defense
1 - 0% - 60%
2 - 0% - 40%
Last Minute Offensive  - 0:00
Last Minute Defensive  - 0:00
Total
Forward - 60:00
Defense - 60:00

% Time on Ice - Stars

Lines # - Real PCT - Wanted PCT - Time Play
Normal Forward
1 - 32% - 32% - 13:07
2 - 31% - 29% - 12:41
3 - 26% - 25% - 10:44
4 - 11% - 14% - 4:33
Normal Defense
1 - 39% - 38% - 15:56
2 - 40% - 37% - 16:30
3 - 21% - 20% - 8:39
4 - 0% - 5% - 0:00
PP Forward
1 - 59% - 60% - 6:38
2 - 41% - 40% - 4:33
PP Defense
1 - 64% - 60% - 7:11
2 - 36% - 40% - 4:00
PK Forward
1 - 81% - 60% - 6:14
2 - 19% - 40% - 1:30
PK Defense
1 - 47% - 60% - 3:37
2 - 53% - 40% - 4:07
PK3 Forward
1 - 0% - 60%
2 - 0% - 40%
PK3 Defense
1 - 0% - 60%
2 - 0% - 40%
44 Forward
1 - 0% - 60%
2 - 0% - 40%
44 Defense
1 - 0% - 60%
2 - 0% - 40%
Last Minute Offensive  - 0:00
Last Minute Defensive  - 0:00
Total
Forward - 60:00
Defense - 60:00

Play by Play

1st period


0:01 of 1st period - Joe Thornton wins face-off versus Jarome Iginla in neutral zone.
0:21 of 1st period - Icing by Keith Yandle.
0:22 of 1st period - Joe Thornton wins face-off versus Paul Stastny in RedWings zone.
0:22 of 1st period - Joe Thornton is hit by Brandon Dubinsky.
0:25 of 1st period - Jared Spurgeon is hit by Brandon Dubinsky and loses puck.
0:52 of 1st period - Shot by Brandon Dubinsky.
0:52 of 1st period - Deflect By Paul Stastny.
0:52 of 1st period - Shot Misses the Net.
1:08 of 1st period - Shot by Brandon Dubinsky.
1:08 of 1st period - Stopped by Roberto Luongo with a rebound.
1:39 of 1st period - Minor Penalty to Sean Bergenheim for Interference.
1:40 of 1st period - Andrew Cogliano wins face-off versus Jason Spezza in RedWings zone.
1:48 of 1st period - Icing by Zdeno Chara.
1:49 of 1st period - Jason Spezza wins face-off versus Andrew Cogliano in Stars zone.
1:58 of 1st period - Shot by Tyler Seguin.
1:58 of 1st period - Deflect By Jason Spezza.
1:58 of 1st period - Shot Misses the Net.
2:00 of 1st period - Shot by Shea Weber.
2:00 of 1st period - Stopped by Roberto Luongo without a rebound.
2:01 of 1st period - Joe Thornton wins face-off versus Jason Spezza in RedWings zone.
2:12 of 1st period - Jared Spurgeon is hit by Milan Lucic.
3:33 of 1st period - Shot by Alexei Emelin.
3:33 of 1st period - Deflect By Wayne Simmonds.
3:33 of 1st period - Shot Blocked by Paul Martin.
3:52 of 1st period - Icing by Mark Fraser.
3:53 of 1st period - Tyler Toffoli wins face-off versus Antoine Roussel in RedWings zone.
3:53 of 1st period - Tyler Toffoli is hit by Antoine Roussel.
3:56 of 1st period - Icing by Mark Arcobello.
3:57 of 1st period - Jarret Stoll wins face-off versus Mark Arcobello in RedWings zone.
3:59 of 1st period - Minor Penalty to Mark Fraser for Delaying the game.
4:00 of 1st period - Jason Spezza wins face-off versus Alexandre Burrows in RedWings zone.
4:26 of 1st period - Icing by Zdeno Chara.
4:27 of 1st period - Joe Thornton wins face-off versus Tyler Seguin in Stars zone.
4:44 of 1st period - Shot by Shea Weber.
4:44 of 1st period - Stopped by Roberto Luongo without a rebound.
4:45 of 1st period - Andrew Cogliano wins face-off versus Paul Stastny in RedWings zone.
4:56 of 1st period - Shot by Marc-Edouard Vlasic.
4:56 of 1st period - Shot Misses the Net.
4:58 of 1st period - Shot by Marc-Edouard Vlasic.
4:58 of 1st period - Stopped by Roberto Luongo without a rebound.
4:59 of 1st period - Paul Stastny wins face-off versus Andrew Cogliano in RedWings zone.
5:27 of 1st period - Shot by Alexei Emelin.
5:27 of 1st period - Stopped by Roberto Luongo without a rebound.
5:28 of 1st period - Jason Spezza wins face-off versus Joe Thornton in RedWings zone.
5:49 of 1st period - Shot by Zdeno Chara.
5:49 of 1st period - Shot Blocked by Eric Brewer.
5:51 of 1st period - Shot by Jason Spezza.
5:51 of 1st period - Shot Hit the Post.
5:53 of 1st period - Shot by Shea Weber.
5:53 of 1st period - Goal by Shea Weber - RedWings : 0 - Stars : 1.
5:54 of 1st period - Jarret Stoll wins face-off versus Casey Cizikas in neutral zone.
5:59 of 1st period - Shot by Marc-Edouard Vlasic.
5:59 of 1st period - Stopped by Roberto Luongo without a rebound.
6:00 of 1st period - Jason Spezza wins face-off versus Joe Thornton in RedWings zone.
6:04 of 1st period - Icing by Eric Gryba.
6:05 of 1st period - Tyler Seguin wins face-off versus Alexandre Burrows in RedWings zone.
6:25 of 1st period - Icing by Chris Summers.
6:26 of 1st period - Alexandre Burrows wins face-off versus Antoine Roussel in RedWings zone.
6:52 of 1st period - Shot by Joe Thornton.
6:52 of 1st period - Shot Blocked by Brenden Dillon.
6:59 of 1st period - Icing by Marc-Edouard Vlasic.
7:00 of 1st period - Andrew Cogliano wins face-off versus Jason Spezza in Stars zone.
7:30 of 1st period - Andrew Cogliano is hit by Zdeno Chara and loses puck.
7:31 of 1st period - Minor Penalty to Zdeno Chara for Roughing.
7:32 of 1st period - Evander Kane wins face-off versus Joe Thornton in Stars zone.
7:44 of 1st period - Icing by Keith Yandle.
7:45 of 1st period - Brandon Dubinsky wins face-off versus Joe Thornton in RedWings zone.
8:05 of 1st period - Shot by Paul Martin.
8:05 of 1st period - Shot Misses the Net.
8:07 of 1st period - Shot by Paul Martin.
8:07 of 1st period - Stopped by Semyon Varlamov without a rebound.
8:08 of 1st period - Sean Bergenheim wins face-off versus Paul Stastny in Stars zone.
8:13 of 1st period - Shot by Jared Spurgeon.
8:13 of 1st period - Shot Blocked by Shea Weber.
8:52 of 1st period - Shot by Jarome Iginla.
8:52 of 1st period - Stopped by Roberto Luongo without a rebound.
8:53 of 1st period - Paul Stastny wins face-off versus Joe Thornton in RedWings zone.
9:18 of 1st period - Shot by Joe Thornton.
9:18 of 1st period - Goal by Joe Thornton - RedWings : 1 - Stars : 1.
9:19 of 1st period - Tyler Seguin wins face-off versus Casey Cizikas in neutral zone.
9:46 of 1st period - Alexandre Burrows is hit by Alexei Emelin and loses puck.
9:57 of 1st period - Chris Summers is hit by Milan Lucic and loses puck.
10:13 of 1st period - Milan Lucic is hit by Casey Cizikas and loses puck.
10:25 of 1st period - Minor Penalty to Sean Bergenheim for Hooking.
10:26 of 1st period - Andrew Cogliano wins face-off versus Paul Stastny in RedWings zone.
10:52 of 1st period - Shot by Zdeno Chara.
10:52 of 1st period - Stopped by Roberto Luongo with a rebound.
12:06 of 1st period - Shot by Shea Weber.
12:06 of 1st period - Goal by Shea Weber - RedWings : 1 - Stars : 2.
12:07 of 1st period - Mark Arcobello wins face-off versus Jarret Stoll in neutral zone.
12:21 of 1st period - Tyler Toffoli is hit by Brenden Dillon.
12:56 of 1st period - Icing by Ville Leino.
12:57 of 1st period - Jason Spezza wins face-off versus Mark Arcobello in RedWings zone.
13:20 of 1st period - Off-side.
13:21 of 1st period - Paul Stastny wins face-off versus Joe Thornton in neutral zone.
13:21 of 1st period - Brandon Dubinsky is hit by Ondrej Palat and loses puck.
13:38 of 1st period - Alexei Emelin is hit by Ondrej Palat and loses puck.
13:55 of 1st period - Jared Spurgeon is hit by Brandon Dubinsky and loses puck.
14:33 of 1st period - Shea Weber is hit by Eric Brewer.
14:39 of 1st period - Shot by Milan Lucic.
14:39 of 1st period - Shot Misses the Net.
14:50 of 1st period - Off-side.
14:51 of 1st period - Jason Spezza wins face-off versus Casey Cizikas in neutral zone.
15:16 of 1st period - Shot by Evander Kane.
15:16 of 1st period - Shot Blocked by Alexandre Burrows.
15:22 of 1st period - Shot by Evander Kane.
15:22 of 1st period - Shot Misses the Net.
15:28 of 1st period - Shot by Jason Spezza.
15:28 of 1st period - Shot Misses the Net.
16:19 of 1st period - Shot by Tyler Toffoli.
16:19 of 1st period - Shot Misses the Net.
16:21 of 1st period - Shot by Eric Brewer.
16:21 of 1st period - Shot Blocked by Zdeno Chara.
16:26 of 1st period - Sean Bergenheim is hit by Zdeno Chara.
17:01 of 1st period - Icing by Jarome Iginla.
17:02 of 1st period - Tyler Seguin wins face-off versus Joe Thornton in Stars zone.
17:02 of 1st period - Tyler Seguin is hit by Ondrej Palat.
17:25 of 1st period - Minor Penalty to Brenden Dillon for Interference.
17:26 of 1st period - Brandon Dubinsky wins face-off versus Andrew Cogliano in Stars zone.
17:31 of 1st period - Keith Yandle is hit by Brandon Dubinsky and loses puck.
19:49 of 1st period - Brenden Dillon is hit by Mark Arcobello and loses puck.
19:54 of 1st period - Gregory Campbell is hit by Mark Arcobello and loses puck.
Goals for this period are 1 for RedWings vs 2 for Stars.
Shots for this period are 2 for RedWings vs 10 for Stars.

2nd period


0:01 of 2nd period - Paul Stastny wins face-off versus Joe Thornton in neutral zone.
0:10 of 2nd period - Paul Stastny is hit by Keith Yandle and loses puck.
0:24 of 2nd period - Off-side.
0:25 of 2nd period - Andrew Cogliano wins face-off versus Tyler Seguin in neutral zone.
0:37 of 2nd period - Andrew Cogliano is hit by Brenden Dillon and loses puck.
0:50 of 2nd period - Shot by Tyler Seguin.
0:50 of 2nd period - Stopped by Roberto Luongo with a rebound.
0:56 of 2nd period - Shot by Andrew Cogliano.
0:56 of 2nd period - Stopped by Semyon Varlamov without a rebound.
0:57 of 2nd period - Paul Stastny wins face-off versus Joe Thornton in Stars zone.
1:06 of 2nd period - Shot by Paul Stastny.
1:06 of 2nd period - Shot Misses the Net.
1:28 of 2nd period - Off-side.
1:29 of 2nd period - Andrew Cogliano wins face-off versus Jason Spezza in neutral zone.
1:45 of 2nd period - Shot by Evander Kane.
1:45 of 2nd period - Shot Misses the Net.
2:02 of 2nd period - Icing by Eric Brewer.
2:03 of 2nd period - Paul Stastny wins face-off versus Andrew Cogliano in RedWings zone.
2:04 of 2nd period - Shot by Brandon Dubinsky.
2:04 of 2nd period - Stopped by Roberto Luongo without a rebound.
2:05 of 2nd period - Wayne Simmonds wins face-off versus Joe Thornton in RedWings zone.
2:06 of 2nd period - Shot by Paul Stastny.
2:06 of 2nd period - Stopped by Roberto Luongo without a rebound.
2:07 of 2nd period - Paul Stastny wins face-off versus Joe Thornton in RedWings zone.
2:52 of 2nd period - Shot by Ondrej Palat.
2:52 of 2nd period - Stopped by Semyon Varlamov without a rebound.
2:53 of 2nd period - Andrew Cogliano wins face-off versus Jarome Iginla in Stars zone.
3:02 of 2nd period - Shot by Jarome Iginla.
3:02 of 2nd period - Shot Misses the Net.
3:16 of 2nd period - Shot by Tyler Toffoli.
3:16 of 2nd period - Shot Misses the Net.
3:18 of 2nd period - Shot by Sean Bergenheim.
3:18 of 2nd period - Shot Misses the Net.
3:20 of 2nd period - Shot by Andrew Cogliano.
3:20 of 2nd period - Stopped by Semyon Varlamov without a rebound.
3:21 of 2nd period - Casey Cizikas wins face-off versus Evander Kane in Stars zone.
3:28 of 2nd period - Shot by Alexandre Burrows.
3:28 of 2nd period - Stopped by Semyon Varlamov with a rebound.
3:35 of 2nd period - Off-side.
3:36 of 2nd period - Paul Stastny wins face-off versus Sean Bergenheim in neutral zone.
3:39 of 2nd period - Shot by Shea Weber.
3:39 of 2nd period - Stopped by Roberto Luongo without a rebound.
3:40 of 2nd period - Paul Stastny wins face-off versus Andrew Cogliano in RedWings zone.
3:40 of 2nd period - Paul Stastny is hit by Jared Spurgeon.
4:21 of 2nd period - Shot by Sean Bergenheim.
4:21 of 2nd period - Stopped by Semyon Varlamov without a rebound.
4:22 of 2nd period - Tyler Seguin wins face-off versus Alexandre Burrows in Stars zone.
4:43 of 2nd period - Shot by Ondrej Palat.
4:43 of 2nd period - Deflect By Joe Thornton.
4:43 of 2nd period - Shot Misses the Net.
5:03 of 2nd period - Shot by Joe Thornton.
5:03 of 2nd period - Goal by Joe Thornton - RedWings : 2 - Stars : 2.
5:04 of 2nd period - Mark Arcobello wins face-off versus Jason Spezza in neutral zone.
5:21 of 2nd period - Shot by Ville Leino.
5:21 of 2nd period - Shot Misses the Net.
5:27 of 2nd period - Shot by Mark Arcobello.
5:27 of 2nd period - Stopped by Semyon Varlamov without a rebound.
5:28 of 2nd period - Casey Cizikas wins face-off versus Paul Stastny in Stars zone.
5:28 of 2nd period - Chris Summers is hit by Alexei Emelin and loses puck.
5:36 of 2nd period - Casey Cizikas is hit by Alexei Emelin and loses puck.
6:06 of 2nd period - Minor Penalty to Eric Gryba for Hooking.
6:07 of 2nd period - Andrew Cogliano wins face-off versus Jason Spezza in RedWings zone.
6:51 of 2nd period - Icing by Zdeno Chara.
6:52 of 2nd period - Jason Spezza wins face-off versus Andrew Cogliano in Stars zone.
6:52 of 2nd period - Jason Spezza is hit by Andrew Cogliano.
7:23 of 2nd period - Icing by Marc-Edouard Vlasic.
7:24 of 2nd period - Paul Stastny wins face-off versus Joe Thornton in Stars zone.
7:36 of 2nd period - Marc-Edouard Vlasic is hit by Chris Summers and loses puck.
7:43 of 2nd period - Shot by Marc-Edouard Vlasic.
7:43 of 2nd period - Shot Misses the Net.
7:45 of 2nd period - Shot by Marc-Edouard Vlasic.
7:45 of 2nd period - Stopped by Roberto Luongo without a rebound.
7:46 of 2nd period - Joe Thornton wins face-off versus Jason Spezza in RedWings zone.
7:57 of 2nd period - Shot by Shea Weber.
7:57 of 2nd period - Stopped by Roberto Luongo without a rebound.
7:58 of 2nd period - Andrew Cogliano wins face-off versus Paul Stastny in RedWings zone.
7:58 of 2nd period - Paul Martin is hit by Wayne Simmonds and loses puck.
8:09 of 2nd period - Shot by Wayne Simmonds.
8:09 of 2nd period - Shot Misses the Net.
8:20 of 2nd period - Icing by Keith Yandle.
8:21 of 2nd period - Casey Cizikas wins face-off versus Tyler Seguin in RedWings zone.
8:21 of 2nd period - Casey Cizikas is hit by Milan Lucic.
8:59 of 2nd period - Shot by Tyler Seguin.
8:59 of 2nd period - Stopped by Roberto Luongo without a rebound.
9:00 of 2nd period - Jason Spezza wins face-off versus Andrew Cogliano in RedWings zone.
9:00 of 2nd period - Jason Spezza is hit by Eric Brewer.
9:10 of 2nd period - Shot by Evander Kane.
9:10 of 2nd period - Shot Blocked by Andrew Cogliano.
9:32 of 2nd period - Shot by Antoine Roussel.
9:32 of 2nd period - Shot Misses the Net.
10:00 of 2nd period - Chris Summers is hit by Antoine Roussel and loses puck.
10:16 of 2nd period - Ondrej Palat is hit by Zdeno Chara and loses puck.
10:23 of 2nd period - Shot by Joe Thornton.
10:23 of 2nd period - Shot Misses the Net.
10:52 of 2nd period - Icing by Shea Weber.
10:53 of 2nd period - Paul Stastny wins face-off versus Mark Arcobello in Stars zone.
10:53 of 2nd period - Paul Stastny is hit by Mark Arcobello.
11:53 of 2nd period - Icing by Paul Martin.
11:54 of 2nd period - Casey Cizikas wins face-off versus Tyler Seguin in RedWings zone.
12:05 of 2nd period - Shot by Alexandre Burrows.
12:05 of 2nd period - Shot Misses the Net.
12:13 of 2nd period - Shot by Jarome Iginla.
12:13 of 2nd period - Shot Hit the Post.
12:15 of 2nd period - Shot by Marc-Edouard Vlasic.
12:15 of 2nd period - Shot Blocked by Eric Brewer.
12:17 of 2nd period - Shot by Milan Lucic.
12:17 of 2nd period - Stopped by Roberto Luongo without a rebound.
12:18 of 2nd period - Andrew Cogliano wins face-off versus Jason Spezza in RedWings zone.
12:47 of 2nd period - Shot by Sean Bergenheim.
12:47 of 2nd period - Stopped by Semyon Varlamov with a rebound.
12:49 of 2nd period - Shot by Andrew Cogliano.
12:49 of 2nd period - Stopped by Semyon Varlamov with a rebound.
13:01 of 2nd period - Shot by Jason Spezza.
13:01 of 2nd period - Shot Misses the Net.
13:08 of 2nd period - Minor Penalty to Evander Kane for Cross-checking.
13:09 of 2nd period - Joe Thornton wins face-off versus Brandon Dubinsky in Stars zone.
13:10 of 2nd period - Shot by Paul Martin.
13:10 of 2nd period - Shot Blocked by Brenden Dillon.
15:03 of 2nd period - Shot by Eric Brewer.
15:03 of 2nd period - Shot Misses the Net.
15:05 of 2nd period - Shot by Eric Brewer.
15:05 of 2nd period - Shot Misses the Net.
15:07 of 2nd period - Shot by Eric Brewer.
15:07 of 2nd period - Deflect By Sean Bergenheim.
15:07 of 2nd period - Shot Misses the Net.
15:24 of 2nd period - Shot by Jarome Iginla.
15:24 of 2nd period - Stopped by Roberto Luongo without a rebound.
15:25 of 2nd period - Paul Stastny wins face-off versus Mark Arcobello in RedWings zone.
15:25 of 2nd period - Brenden Dillon is hit by Mark Fraser and loses puck.
15:40 of 2nd period - Shot by Paul Stastny.
15:40 of 2nd period - Shot Misses the Net.
15:42 of 2nd period - Shot by Paul Stastny.
15:42 of 2nd period - Stopped by Roberto Luongo without a rebound.
15:43 of 2nd period - Casey Cizikas wins face-off versus Ryan Reaves in RedWings zone.
15:43 of 2nd period - Casey Cizikas is hit by Ryan Reaves.
15:59 of 2nd period - Minor Penalty to Filip Forsberg for Hooking.
16:00 of 2nd period - Jason Spezza wins face-off versus Andrew Cogliano in RedWings zone.
16:01 of 2nd period - Shot by Zdeno Chara.
16:01 of 2nd period - Shot Misses the Net.
16:03 of 2nd period - Shot by Zdeno Chara.
16:03 of 2nd period - Stopped by Roberto Luongo with a rebound.
16:05 of 2nd period - Shot by Zdeno Chara.
16:05 of 2nd period - Stopped by Roberto Luongo without a rebound.
16:06 of 2nd period - Andrew Cogliano wins face-off versus Jason Spezza in RedWings zone.
16:31 of 2nd period - Shot by Jason Spezza.
16:31 of 2nd period - Deflect By Tyler Seguin.
16:31 of 2nd period - Shot Misses the Net.
17:26 of 2nd period - Shot by Marc-Edouard Vlasic.
17:26 of 2nd period - Goal by Marc-Edouard Vlasic - RedWings : 2 - Stars : 3.
17:27 of 2nd period - Jarret Stoll wins face-off versus Mark Arcobello in neutral zone.
18:01 of 2nd period - Ville Leino is hit by Ryan Reaves and loses puck.
18:08 of 2nd period - Shot by Jarret Stoll.
18:08 of 2nd period - Shot Misses the Net.
19:03 of 2nd period - Icing by Jared Spurgeon.
19:04 of 2nd period - Tyler Seguin wins face-off versus Casey Cizikas in RedWings zone.
19:13 of 2nd period - Shot by Milan Lucic.
19:13 of 2nd period - Shot Hit the Post.
19:28 of 2nd period - Off-side.
19:29 of 2nd period - Jason Spezza wins face-off versus Tyler Toffoli in neutral zone.
19:33 of 2nd period - Icing by Paul Martin.
19:34 of 2nd period - Andrew Cogliano wins face-off versus Jason Spezza in RedWings zone.
19:34 of 2nd period - Andrew Cogliano is hit by Antoine Roussel.
19:47 of 2nd period - Shot by Sean Bergenheim.
19:47 of 2nd period - Stopped by Semyon Varlamov without a rebound.
19:48 of 2nd period - Joe Thornton wins face-off versus Tyler Seguin in Stars zone.
Goals for this period are 1 for RedWings vs 1 for Stars.
Shots for this period are 10 for RedWings vs 13 for Stars.

3rd period


0:01 of 3rd period - Tyler Seguin wins face-off versus Joe Thornton in neutral zone.
0:09 of 3rd period - Shot by Tyler Seguin.
0:09 of 3rd period - Shot Misses the Net.
0:23 of 3rd period - Shot by Keith Yandle.
0:23 of 3rd period - Shot Misses the Net.
0:25 of 3rd period - Shot by Keith Yandle.
0:25 of 3rd period - Shot Misses the Net.
0:27 of 3rd period - Shot by Joe Thornton.
0:27 of 3rd period - Shot Misses the Net.
0:29 of 3rd period - Shot by Ondrej Palat.
0:29 of 3rd period - Stopped by Semyon Varlamov without a rebound.
0:30 of 3rd period - Andrew Cogliano wins face-off versus Jason Spezza in Stars zone.
0:30 of 3rd period - Andrew Cogliano is hit by Brenden Dillon.
0:36 of 3rd period - Shot by Andrew Cogliano.
0:36 of 3rd period - Stopped by Semyon Varlamov without a rebound.
0:37 of 3rd period - Jason Spezza wins face-off versus Andrew Cogliano in Stars zone.
0:37 of 3rd period - Jason Spezza is hit by Andrew Cogliano.
0:52 of 3rd period - Shot by Jason Spezza.
0:52 of 3rd period - Shot Blocked by Paul Martin.
0:56 of 3rd period - Shot by Jason Spezza.
0:56 of 3rd period - Stopped by Roberto Luongo without a rebound.
0:57 of 3rd period - Tyler Seguin wins face-off versus Joe Thornton in RedWings zone.
1:03 of 3rd period - Minor Penalty to Jared Spurgeon for Tripping.
1:04 of 3rd period - Jason Spezza wins face-off versus Andrew Cogliano in RedWings zone.
1:29 of 3rd period - Shot by Zdeno Chara.
1:29 of 3rd period - Shot Misses the Net.
1:31 of 3rd period - Shot by Jason Spezza.
1:31 of 3rd period - Shot Misses the Net.
1:33 of 3rd period - Shot by Shea Weber.
1:33 of 3rd period - Shot Misses the Net.
1:35 of 3rd period - Shot by Milan Lucic.
1:35 of 3rd period - Goal by Milan Lucic - RedWings : 2 - Stars : 4.
1:36 of 3rd period - Paul Stastny wins face-off versus Casey Cizikas in neutral zone.
1:39 of 3rd period - Jared Spurgeon is hit by Brandon Dubinsky and loses puck.
1:43 of 3rd period - Icing by Jared Spurgeon.
1:44 of 3rd period - Casey Cizikas wins face-off versus Paul Stastny in RedWings zone.
1:55 of 3rd period - Shot by Keith Yandle.
1:55 of 3rd period - Stopped by Semyon Varlamov without a rebound.
1:56 of 3rd period - Joe Thornton wins face-off versus Tyler Seguin in Stars zone.
2:08 of 3rd period - Shot by Paul Martin.
2:08 of 3rd period - Deflect By Ondrej Palat.
2:08 of 3rd period - Shot Misses the Net.
2:10 of 3rd period - Shot by Ondrej Palat.
2:10 of 3rd period - Stopped by Semyon Varlamov without a rebound.
2:11 of 3rd period - Jason Spezza wins face-off versus Andrew Cogliano in Stars zone.
2:40 of 3rd period - Shot by Evander Kane.
2:40 of 3rd period - Shot Blocked by Jared Spurgeon.
2:43 of 3rd period - Icing by Jared Spurgeon.
2:44 of 3rd period - Tyler Seguin wins face-off versus Andrew Cogliano in RedWings zone.
2:45 of 3rd period - Shot by Milan Lucic.
2:45 of 3rd period - Shot Misses the Net.
2:53 of 3rd period - Shot by Jarome Iginla.
2:53 of 3rd period - Deflect By Tyler Seguin.
2:53 of 3rd period - Stopped by Roberto Luongo without a rebound.
2:54 of 3rd period - Joe Thornton wins face-off versus Tyler Seguin in RedWings zone.
3:20 of 3rd period - Shot by Tyler Seguin.
3:20 of 3rd period - Shot Blocked by Eric Brewer.
3:22 of 3rd period - Shot by Tyler Seguin.
3:22 of 3rd period - Stopped by Roberto Luongo without a rebound.
3:23 of 3rd period - Paul Stastny wins face-off versus Andrew Cogliano in RedWings zone.
3:30 of 3rd period - Shot by Wayne Simmonds.
3:30 of 3rd period - Stopped by Roberto Luongo without a rebound.
3:31 of 3rd period - Paul Stastny wins face-off versus Andrew Cogliano in RedWings zone.
3:45 of 3rd period - Icing by Paul Stastny.
3:46 of 3rd period - Paul Stastny wins face-off versus Ondrej Palat in Stars zone.
3:58 of 3rd period - Icing by Eric Brewer.
3:59 of 3rd period - Joe Thornton wins face-off versus Tyler Seguin in RedWings zone.
3:59 of 3rd period - Joe Thornton is hit by Jarome Iginla.
4:00 of 3rd period - Minor Penalty to Milan Lucic for Roughing.
4:01 of 3rd period - Brandon Dubinsky wins face-off versus Andrew Cogliano in Stars zone.
4:09 of 3rd period - Icing by Paul Martin.
4:10 of 3rd period - Andrew Cogliano wins face-off versus Brandon Dubinsky in RedWings zone.
4:21 of 3rd period - Shot by Paul Martin.
4:21 of 3rd period - Stopped by Semyon Varlamov without a rebound.
4:22 of 3rd period - Joe Thornton wins face-off versus Brandon Dubinsky in Stars zone.
4:27 of 3rd period - Shot by Keith Yandle.
4:27 of 3rd period - Stopped by Semyon Varlamov without a rebound.
4:28 of 3rd period - Brandon Dubinsky wins face-off versus Andrew Cogliano in Stars zone.
4:41 of 3rd period - Icing by Tyler Toffoli.
4:42 of 3rd period - Andrew Cogliano wins face-off versus Brandon Dubinsky in RedWings zone.
4:59 of 3rd period - Shot by Paul Martin.
4:59 of 3rd period - Shot Blocked by Brenden Dillon.
5:03 of 3rd period - Shot by Andrew Cogliano.
5:03 of 3rd period - Stopped by Semyon Varlamov without a rebound.
5:04 of 3rd period - Joe Thornton wins face-off versus Brandon Dubinsky in Stars zone.
5:18 of 3rd period - Jared Spurgeon is hit by Brenden Dillon and loses puck.
6:06 of 3rd period - Eric Gryba is hit by Roman Polak and loses puck.
6:20 of 3rd period - Shot by Andrew Cogliano.
6:20 of 3rd period - Stopped by Semyon Varlamov without a rebound.
6:21 of 3rd period - Mark Arcobello wins face-off versus Jarret Stoll in Stars zone.
7:24 of 3rd period - Shot by Tyler Seguin.
7:24 of 3rd period - Shot Hit the Post.
7:54 of 3rd period - Shot by Jarome Iginla.
7:54 of 3rd period - Deflect By Tyler Seguin.
7:54 of 3rd period - Shot Blocked by Keith Yandle.
8:44 of 3rd period - Shot by Casey Cizikas.
8:44 of 3rd period - Stopped by Semyon Varlamov with a rebound.
8:48 of 3rd period - Shot by Casey Cizikas.
8:48 of 3rd period - Shot Misses the Net.
8:50 of 3rd period - Shot by Eric Brewer.
8:50 of 3rd period - Shot Misses the Net.
8:56 of 3rd period - Shot by Andrew Cogliano.
8:56 of 3rd period - Stopped by Semyon Varlamov without a rebound.
8:57 of 3rd period - Andrew Cogliano wins face-off versus Paul Stastny in Stars zone.
8:58 of 3rd period - Shot by Eric Gryba.
8:58 of 3rd period - Stopped by Semyon Varlamov without a rebound.
8:59 of 3rd period - Paul Stastny wins face-off versus Andrew Cogliano in Stars zone.
9:30 of 3rd period - Zdeno Chara is hit by Sean Bergenheim and loses puck.
9:40 of 3rd period - Shea Weber is hit by Jared Spurgeon and loses puck.
11:23 of 3rd period - Shot by Evander Kane.
11:23 of 3rd period - Shot Misses the Net.
12:06 of 3rd period - Gregory Campbell is hit by Mark Fraser and loses puck.
12:16 of 3rd period - Marc-Edouard Vlasic is hit by Mark Fraser and loses puck.
12:48 of 3rd period - Icing by Mark Fraser.
12:49 of 3rd period - Joe Thornton wins face-off versus Jason Spezza in RedWings zone.
13:13 of 3rd period - Shot by Keith Yandle.
13:13 of 3rd period - Stopped by Semyon Varlamov without a rebound.
13:14 of 3rd period - Mark Arcobello wins face-off versus Tyler Seguin in Stars zone.
13:27 of 3rd period - Shot by Tyler Seguin.
13:27 of 3rd period - Shot Misses the Net.
14:01 of 3rd period - Icing by Jared Spurgeon.
14:02 of 3rd period - Jason Spezza wins face-off versus Casey Cizikas in RedWings zone.
14:07 of 3rd period - Shot by Evander Kane.
14:07 of 3rd period - Stopped by Roberto Luongo with a rebound.
14:27 of 3rd period - Shot by Filip Forsberg.
14:27 of 3rd period - Stopped by Semyon Varlamov with a rebound.
14:29 of 3rd period - Shot by Jared Spurgeon.
14:29 of 3rd period - Shot Misses the Net.
15:03 of 3rd period - Shot by Andrew Cogliano.
15:03 of 3rd period - Stopped by Semyon Varlamov without a rebound.
15:04 of 3rd period - Paul Stastny wins face-off versus Tyler Toffoli in Stars zone.
15:46 of 3rd period - Icing by Marc-Edouard Vlasic.
15:47 of 3rd period - Joe Thornton wins face-off versus Paul Stastny in Stars zone.
16:56 of 3rd period - Shot by Andrew Cogliano.
16:56 of 3rd period - Stopped by Semyon Varlamov without a rebound.
16:57 of 3rd period - Casey Cizikas wins face-off versus Evander Kane in Stars zone.
17:07 of 3rd period - Shot by Chris Summers.
17:07 of 3rd period - Shot Misses the Net.
18:20 of 3rd period - Minor Penalty to Eric Brewer for Hooking.
18:21 of 3rd period - Paul Stastny wins face-off versus Ondrej Palat in RedWings zone.
18:24 of 3rd period - Shot by Jarome Iginla.
18:24 of 3rd period - Deflect By Paul Stastny.
18:24 of 3rd period - Shot Misses the Net.
18:38 of 3rd period - Shot by Marc-Edouard Vlasic.
18:38 of 3rd period - Stopped by Roberto Luongo with a rebound.
18:40 of 3rd period - Shot by Marc-Edouard Vlasic.
18:40 of 3rd period - Shot Misses the Net.
18:44 of 3rd period - Shot by Jarome Iginla.
18:44 of 3rd period - Stopped by Roberto Luongo without a rebound.
18:45 of 3rd period - Tyler Seguin wins face-off versus Joe Thornton in RedWings zone.
18:46 of 3rd period - Shot by Zdeno Chara.
18:46 of 3rd period - Shot Hit the Post.
19:25 of 3rd period - Shot by Joe Thornton.
19:25 of 3rd period - Deflect By Alexandre Burrows.
19:25 of 3rd period - Stopped by Semyon Varlamov without a rebound.
19:26 of 3rd period - Paul Stastny wins face-off versus Ondrej Palat in Stars zone.
Goals for this period are 0 for RedWings vs 1 for Stars.
Shots for this period are 16 for RedWings vs 8 for Stars.


Output by the SimonT Hockey Simulator (STHS) for Stephane Roy -- Original Page W3C XHTML 1.0 Valid
Hockey Simulator - Hockey Simulation - Hockey Manager